 Dungeon Crawl Stone Soup version 0.30-a0-373-gd37427bb62 (webtiles) character file.

Game seed: 18214732340352793339

4655 raistware the Destroyer (level 10, -9/60 HPs)
             Began as an Octopode Conjurer on Nov 23, 2022.
             Was a Follower of Vehumet.
             Mangled by an orc warrior
             ... wielding a +0 dire flail
              (21 damage)
             ... on level 9 of the Dungeon.
             The game lasted 00:39:49 (10454 turns).

raistware the Destroyer (Octopode Conjurer)        Turns: 10454, Time: 00:39:49

Health: -9/60      AC:  3    Str:  7    XL:     10   Next: 43%
Magic:  15/19      EV: 15    Int: 24    God:    Vehumet [*.....]
Gold:   291        SH:  0    Dex: 17    Spells: 8/21 levels left

rFire   . . .      SeeInvis .    e - staff of cold
rCold   + . .      Faith    .    (no shield)
rNeg    . . .      Spirit   .    v - +2 hat
rPois   .          Reflect  .    (no amulet)
rElec   .          Harm     .    p - ring of flight
rCorr   .          Rampage  .    y - +6 ring of dexterity
Will    .....                    (no ring)
Stlth   +++.......               (no ring)
HPRegen 0.30/turn                (no ring)
MPRegen 0.16/turn                (no ring)
                                 (no ring)
                                 (no ring)

@: mighty, brilliant, on berserk cooldown, flying, slowed, very slow
A: almost no armour, amphibious, 8 rings, camouflage 1, gelatinous body 1,
(nimble swimmer 1), tentacles
a: Renounce Religion


You were on level 9 of the Dungeon.
You worshipped Vehumet.
Vehumet was aware of your devotion.
You visited 2 branches of the dungeon, and saw 10 of its levels.

You collected 291 gold pieces.

Inventory:

Missiles
 t - 9 poisoned darts
 A - a curare-tipped dart
Armour
 v - a +2 hat (worn)
Magical Staves
 e - a staff of cold (weapon)
Jewellery
 p - a ring of flight (left tentacle)
 y - a +6 ring of dexterity (right tentacle)
Wands
 x - a wand of roots (1)
 B - a wand of charming (5)
Scrolls
 a - 3 scrolls of enchant weapon
 b - 3 scrolls of teleportation
 f - 2 scrolls of magic mapping {unknown}
 g - a scroll of summoning {unknown}
 i - 4 scrolls of noise
 j - 2 scrolls of vulnerability {unknown}
 k - 3 scrolls of blinking
 q - 2 scrolls of immolation
 s - 2 scrolls of poison {unknown}
 u - a scroll of amnesia {unknown}
Potions
 c - a potion of berserk rage
 m - a potion of lignification
 o - 3 potions of degeneration
 r - a potion of haste
 z - 2 potions of mutation


   Skills:
 - Level 2.0 Fighting
 - Level 2.0 Staves
 - Level 4.0 Dodging
 - Level 3.0 Stealth
 - Level 6.0 Spellcasting
 + Level 11.9 Conjurations
 - Level 2.0 Translocations
 - Level 4.0 Transmutations
 - Level 2.0 Ice Magic
 - Level 1.0 Air Magic
 - Level 1.0 Poison Magic
 - Level 2.0 Evocations


You had 8 spell levels left.
You knew the following spells:

 Your Spells              Type           Power      Damage    Failure   Level
a - Magic Dart            Conj           100%       1d8       1%          1
b - Iskenderun's Mystic   Conj/Tloc      57%        2d12      4%          4
c - Mephitic Cloud        Conj/Pois/Air  44%        N/A       3%          3
d - Irradiate             Conj/Tmut      31%        3d22      9%          5

Your spell library contained the following spells:

 Spells                   Type           Power      Damage    Failure   Level
 Foxfire                  Conj/Fire      100%       2x1d9     1%          1
 Momentum Strike          Conj/Tloc      100%       3d10      1%          2
 Searing Ray              Conj           100%       2d8       1%          2
 Dazzling Flash           Conj/Hex       100%       N/A       1%          3
 Blink                    Tloc           50%        N/A       5%          2
 Fulminant Prism          Conj/Hex       26%        3d14      7%          4
 Poisonous Vapours        Pois/Air       36%        N/A       8%          2
 Cigotuvi's Dreadful Rot  Necr/Pois/Air  30%        N/A       10%         2
 Gell's Gravitas          Tloc           25%        N/A       11%         3
 Lesser Beckoning         Tloc           50%        N/A       11%         3
 Teleport Other           Tloc           25%        N/A       11%         3
 Sublimation of Blood     Necr           10%        N/A       12%         2
 Petrify                  Tmut/Erth      25%        N/A       34%         4
 Dispersal                Tloc           12%        N/A       99%         6


Dungeon Overview and Level Annotations

Branches:
Dungeon (9/15)             Temple (1/1) D:6
   Lair: D:8-11         Orc: D:9-12

Altars:
Dithmenos
Elyvilon
Gozag
Makhleb
Nemelex Xobeh
Ru
Trog
Uskayaw
Vehumet
Wu Jian
Xom
Zin
The Shining One

Shops:
D:2 [   D:6 *

Annotations:
D:9 Erica


Innate Abilities, Weirdness & Mutations

You cannot wear most types of armour.
You are amphibious.
You can wear up to eight rings at the same time.
Your skin changes colour to match your surroundings (Stealth+).
Your rubbery body absorbs attacks. (AC +1, EV +1)
((You are camouflaged when in or above water. (Stealth+)))
You have tentacles for arms and can constrict up to eight enemies at once.


Message History

You don't have enough magic to cast this spell.
Casting: Mephitic Cloud (mildly dangerous; 3% risk of failure)
Confirm with . or Enter, or press ? or * to list all spells.
You don't have enough magic to cast this spell.
You feel much better.
The orc is engulfed in noxious fumes.
The orc appears confused.
Something hits you but does no damage.
The orc warrior hits you with a +0 battleaxe.
The orc warrior hits you but does no damage. x2
The orc hits the orc warrior but does no damage.
The orc is engulfed in noxious fumes.
The orc warrior hits you with a +0 battleaxe.
Something hits you! Something burns you.
Something barely misses the orc warrior.
It was a potion of ambrosia.
You are confused.
You feel invigorated.
You feel less wooden.
Your +2 hat unmelds from your body.
Erica appears from thin air!
Reactivating autopickup.
The orc is engulfed in noxious fumes.
Erica casts a spell at you. The lance of force hits you!
* * * LOW HITPOINT WARNING * * *
You are knocked back by the lance of force.
You slam into the rock wall!
* * * LOW HITPOINT WARNING * * *
Something hits the orc warrior.
The orc closely misses Erica.
The orc hits itself with a +0 hand axe.
The orc is killed!
Vehumet accepts your kill.
You feel better.
You feel less invigorated.
The orc laughs at nothing.
Something hits you.
Deactivating autopickup; reactivate with Ctrl-A.
The orc warrior hits you with a +0 dire flail!
* * * LOW HITPOINT WARNING * * *
The orc warrior misses you.
You feel clever all of a sudden.
The orc warrior hits you with a +0 dire flail!!
You die...

... ######### ..#
#.......# ###..#[o!
........# ####.)o.)o.@
...####.# #...)#
...#....# +..o.#
...#....## .#....#
...#.....####..#.o@.####
#####
......._......##@o.....#
##...# ..####.....#.
#.......####..### ..#
##....# #.......'....##
..# #....#
#.......###### ###
#.####.# #####'###
#######......# #...#
........###### #.###
........# #####.#####
........# #.........#


You could see Erica, 2 orc warriors and an orc (confused).

Vanquished Creatures
  Joseph (D:7)
  A hornet (D:7)
  A troll (D:7)
  Grinder (D:4)
  Sigmund (D:2)
  A wyvern (D:8)
  A steam dragon (D:8)
  2 acid dragons
  Duvessa (D:7)
  5 water moccasins (D:7)
  4 orc warriors
  2 black bears (D:7)
  A sky beast (D:7)
  4 centaurs
  A kobold brigand (D:7)
  2 bullfrogs
  2 gnoll sergeants
  4 wights (D:8)
  Dowan (D:7)
  A howler monkey (D:7)
  2 jellies (D:6)
  3 gnoll boudas
  3 orc priests
  5 hounds
  2 iguanas
  Natasha (thrice) (D:2)
  3 orc wizards
  6 adders
  14 gnolls
  5 white imps
  An ufetubus (D:6)
  A worm (D:2)
  18 orcs
  3 ball pythons
  4 bats
  10 endoplasms
  A giant cockroach (D:1)
  6 goblins
  7 hobgoblins
  3 jackals (D:1)
  9 kobolds
  3 quokkas
  3 frilled lizards
  6 rats
158 creatures vanquished.

Vanquished Creatures (others)
  12 plants
12 creatures vanquished.

Grand Total: 170 creatures vanquished

Notes
Turn   | Place    | Note
-------+----------+-------------------------------------------
     0 | D:1      | raistware the Octopode Conjurer began the quest for the
                  | Orb.
     0 | D:1      | Reached XP level 1. HP: 11/11 MP: 3/3
   159 | D:1      | Reached XP level 2. HP: 17/17 MP: 0/5
   668 | D:1      | Reached XP level 3. HP: 21/21 MP: 0/7
  1200 | D:2      | Noticed Natasha
  1205 | D:2      | Killed Natasha
  1206 | D:2      | Reached skill level 1 in Fighting
  1210 | D:2      | Learned a level 3 spell: Mephitic Cloud
  1298 | D:2      | Noticed Sigmund
  1346 | D:2      | Reached XP level 4. HP: 9/28 MP: 1/9
  1455 | D:2      | Learned a level 4 spell: Iskenderun's Mystic Blast
  1751 | D:2      | Found Potudghimy's Armour Emporium.
  1821 | D:2      | Noticed Natasha
  1827 | D:2      | Killed Natasha
  1828 | D:2      | Reached skill level 1 in Ice Magic
  1844 | D:2      | Noticed Natasha
  1855 | D:2      | Killed Natasha
  1856 | D:2      | Reached XP level 5. HP: 21/33 MP: 0/11
  2397 | D:2      | Killed Sigmund
  2398 | D:2      | Reached skill level 5 in Conjurations
  2398 | D:2      | Reached skill level 1 in Air Magic
  2398 | D:2      | Reached skill level 1 in Poison Magic
  2398 | D:2      | Reached XP level 6. HP: 26/38 MP: 5/12
  3335 | D:4      | Noticed Grinder
  3336 | D:4      | Paralysed by Grinder for 3 turns
  3692 | D:5      | Entered Level 5 of the Dungeon
  3784 | D:5      | Reached skill level 1 in Staves
  3784 | D:5      | Reached skill level 1 in Evocations
  3967 | D:5      | Reached XP level 7. HP: 32/43 MP: 6/13
  4296 | D:5      | Reached skill level 6 in Conjurations
  4768 | D:5      | Found a shimmering altar of Xom.
  5322 | D:4      | Reached skill level 7 in Conjurations
  5342 | D:4      | Killed Grinder
  5343 | D:4      | Reached XP level 8. HP: 19/48 MP: 6/14
  5517 | D:4      | Learned a level 5 spell: Irradiate
  5581 | D:4      | Found a sparkling altar of Nemelex Xobeh.
  5976 | D:6      | Found Uckoghenli's Gadget Gallery.
  6158 | D:6      | Reached skill level 8 in Conjurations
  6318 | D:6      | Found a staircase to the Ecumenical Temple.
  6325 | Temple   | Entered the Ecumenical Temple
  6370 | Temple   | Became a worshipper of Vehumet
  7114 | D:7      | Reached skill level 9 in Conjurations
  7200 | D:7      | Noticed Joseph
  7277 | D:7      | Found an ornate altar of the Wu Jian Council.
  7277 | D:7      | Noticed a troll
  7320 | D:7      | Reached skill level 5 in Spellcasting
  7471 | D:7      | Reached XP level 9. HP: 38/53 MP: 13/16
  7692 | D:7      | Noticed a hornet
  7699 | D:7      | Killed a hornet
  7700 | D:7      | Reached skill level 10 in Conjurations
  7708 | D:7      | Reached skill level 1 in Transmutations
  8159 | D:7      | Reached * piety under Vehumet
  8159 | D:7      | Offered knowledge of Foxfire by Vehumet.
  8410 | D:7      | Noticed Duvessa
  8422 | D:7      | Noticed Dowan
  8434 | D:7      | Killed Duvessa
  8437 | D:7      | Killed Dowan
  8696 | D:7      | Killed a troll
  8865 | D:7      | Killed Joseph
  8866 | D:7      | Reached XP level 10. HP: 60/60 MP: 3/19
  9123 | D:8      | Reached skill level 11 in Conjurations
  9930 | D:8      | Noticed a centaur warrior
 10211 | D:9      | Found a shadowy altar of Dithmenos.
 10414 | D:9      | Noticed Erica
 10454 | D:9      | Mangled by an orc warrior

Illustrated notes

Levels and vault maps discovered:
D:1:      psy_arrival_whirlpool, layout_basic, st_stairs_9,
          minmay_misc_feat_tower, minmay_fountain_box
D:2:      layout_basic, serial_shops, shop, uniq_sigmund, uniq_natasha
D:3:      layout_loops_ring, minmay_misc_feat_nine_boxes, glass_columns_a
D:4:      layout_basic, mainiacjoe_overflow_concentric_impassable,
          cheibrodos_gnoll_hut, uniq_grinder
D:5:      layout_basic, mainiacjoe_overflow_chevrons, nicolae_grassy_gnolls
D:6:      layout_cave_pods, minmay_temple_entry_mist, nicolae_shop_gadgets
D:7:      layout_loops_corners, amcnicky_mini_rare_corridor_liquid,
          minmay_ruined_shrine, uniq_duvessa, uniq_joseph
D:8:      cheibrodos_fzero, layout_loops_corners, fedhas_altar_decomposition,
          roderic_lattice_a, kennysheep_generic_room_14
D:9:      layout_roguey, nicolae_overflow_crystal_walls, erik_orc_1,
          minmay_misc_feat_room, uniq_erica
Temple:   mainiacjoe_temple_coin_purse

Skill      XL: |  1  2  3  4  5  6  7  8  9 10 |
---------------+-------------------------------+-----
Stealth        | 3 |  3.0
Fighting       | 1 2 |  2.0
Spellcasting   | 3 4 5 6 |  6.0
Ice Magic      | 1 2 |  2.0
Conjurations   | 5 7 9 10 11 | 11.9
Translocations | 2 |  2.0
Air Magic      | 1 |  1.0
Poison Magic   | 1 |  1.0
Staves         | 1 2 |  2.0
Evocations     | 1 2 |  2.0
Dodging        | 3 4 |  4.0
Transmutations | 4 |  4.0

Action                   |  1- 3 |  4- 6 |  7- 9 | 10-12 || total
-------------------------+-------+-------+-------+-------++-------
Melee: Unarmed           |     6 |       |       |       ||     6
       Tentacles         |     5 |     7 |    24 |    19 ||    55
       Staff             |     4 |    16 |    89 |    44 ||   153
       Constrict         |     2 |     5 |    24 |     8 ||    39
       Punch             |       |     1 |     4 |     1 ||     6
Throw: Dart              |       |       |    32 |     1 ||    33
 Cast: Magic Dart        |    49 |    78 |   123 |    43 ||   293
       Mephitic Cloud    |       |     5 |    26 |     8 ||    39
       Iskenderun's Myst |       |       |    29 |    17 ||    46
Evoke: Wand              |       |     3 |     9 |     1 ||    13
  Use: Potion            |       |       |     7 |    10 ||    17
       Scroll            |       |       |    12 |     1 ||    13
 Stab: Confused          |       |       |    10 |     8 ||    18
Armor: Skin              |     1 |       |     5 |    39 ||    45
Dodge: Dodged            |     7 |    12 |    59 |    22 ||   100

Table legend: (Time is in decaauts)
 A = Elapsed time spent in this place.
 B = Non-inter-level travel time spent in this place.
 C = Inter-level travel time spent in this place.
 D = Time resting spent in this place.
 E = Time spent auto-exploring this place.
 F = Levels seen in this place.
 G = Mean time per level.
                   A        B        C        D        E       F      G
               +--------+--------+--------+--------+--------+-----+--------+
         Total |  10473 |  10206 |    267 |   1539 |   6913 |  10 | 1047.3 |
       Dungeon |  10419 |  10152 |    267 |   1539 |   6883 |   9 | 1157.7 |
        Temple |     54 |     54 |      0 |      0 |     30 |   1 |   54.0 |
               +--------+--------+--------+--------+--------+-----+--------+

Top non-repeatable levels by time:
     D:7: 2128 daAuts
     D:5: 1379 daAuts
     D:2: 1333 daAuts
     D:1: 1145 daAuts
     D:4: 1059 daAuts
     D:3: 1012 daAuts
     D:8: 947 daAuts
     D:6: 904 daAuts
     D:9: 507 daAuts
  Temple: 54 daAuts
